 Dungeon Crawl Stone Soup version 0.23.2-1-ga50397a (webtiles) character file.

Game seed: 14506390886149083107

1086 whitewolfNL the Ruffian (level 8, -5/74 HPs)
             Began as a Troll Berserker on Apr 30, 2019.
             Was an Elder of Trog.
             Slain by an orc warrior
             ... wielding a +4 glaive
              (20 damage)
             ... on level 6 of the Dungeon.
             The game lasted 00:20:59 (4540 turns).

whitewolfNL the Ruffian (Troll Berserker)           Turns: 4540, Time: 00:21:00

Health: -5/74      AC: 14    Str: 29    XL:     8   Next: 9%
Magic:  7/7        EV:  7    Int:  6    God:    Trog [****..]
Gold:   323        SH: 16    Dex: 11    Spells: 7/7 levels left

rFire    + + +     SeeInvis .   D - +5 falchion of the Open Hand {protect, *Drain rF+++ Int+3}
rCold    . . .     Gourm    +   c - +1 large shield
rNeg     . . .     Faith    .   a - +0 animal skin
rPois    +         Spirit   .   (helmet restricted)
rElec    .         Reflect  .   y - +0 cloak
rCorr    .         Harm     .   (gloves unavailable)
MR       .....                  (boots unavailable)
Stlth    ++........             (no amulet)
HPRegen  0.62/turn              m - ring of poison resistance
MPRegen  0.10/turn              x - +3 ring of strength

@: protection aura, berserk cooldown, slowed, very slow
A: large, unfitting armour, claws 3, fast metabolism 3, gourmand, regeneration
1, shaggy fur 1, tough skin 3
a: Berserk, Trog's Hand, Brothers in Arms, Renounce Religion


You were on level 6 of the Dungeon.
You worshipped Trog.
Trog was greatly pleased with you.
You were not hungry.

You visited 1 branch of the dungeon, and saw 6 of its levels.
You also visited: Sewer.

You collected 323 gold pieces.

Inventory:

Hand Weapons
 D - the +5 falchion of the Open Hand (weapon) {protect, *Drain rF+++ Int+3}
   (You found it on level 5 of the Dungeon)

   It protects the one who uses it against injury (+AC on strike).
   It affects your intelligence (+3).
   It renders you almost immune to fire.
   It causes draining when unequipped.
Missiles
 f - 51 bolts
 h - 5 needles of frenzy
 s - 41 arrows
 B - 2 javelins (quivered)
Armour
 a - a +0 animal skin (worn)
 c - a +1 large shield (worn)
 d - a scarf of cloud immunity
 y - a +0 cloak (worn)
Jewellery
 m - a ring of poison resistance (left claw)
 t - an uncursed ring of ice
 x - a +3 ring of strength (right claw)
Wands
 o - a wand of acid (11)
 p - a wand of flame (15)
Scrolls
 i - 5 scrolls of teleportation
 k - a scroll of enchant weapon
 r - a scroll of remove curse
 w - a scroll of blinking {unknown}
 z - a scroll of silence {unknown}
 C - a scroll of torment
Potions
 e - a potion of ambrosia
 g - 7 potions of curing
 j - a potion of lignification {unknown}
 n - 2 potions of flight
 q - a potion of magic
 u - a potion of invisibility
 v - a potion of degeneration {unknown}
 A - a potion of berserk rage {unknown}
Comestibles
 b - 12 rations


   Skills:
 + Level 2.9 Fighting
 * Level 2.8 Throwing
 + Level 3.2 Dodging
 * Level 1.9 Stealth
 * Level 3.4 Shields
 * Level 6.6 Unarmed Combat


You had 7 spell levels left.
You didn't know any spells.
Your spell library was empty.

Dungeon Overview and Level Annotations

Branches:
Dungeon (6/15)
 Temple: D:4-7

Altars:
Sif Muna
Trog
Yredelemnul


Innate Abilities, Weirdness & Mutations

You are too large for most types of armour.
You have claws for hands.
Your metabolism is lightning-fast.
You like to eat raw meat.
Your natural rate of healing is unusually fast.
You are covered in fur. (AC +1)
You have extremely tough skin. (AC +3)


Message History

The orc warrior is moderately wounded.
You block the orc warrior's attack.
You hit the orc warrior but do no damage.
The orc warrior is moderately wounded.
You block the orc warrior's attack. x2
You closely miss the orc warrior.
The orc warrior is moderately wounded.
The orc warrior barely misses you.
You riposte.
You closely miss the orc warrior.
The orc warrior is moderately wounded.
You block the orc warrior's attack.
You closely miss the orc warrior.
The orc warrior is moderately wounded.
You block the orc warrior's attack.
You hit the orc warrior but do no damage.
Your weapon exudes an aura of protection.
The orc warrior is moderately wounded.
You block the orc warrior's attack.
The orc warrior hits you with a +4 glaive!!
You die...

#######################
......................#
......................#
........).............#
###+###@###########...#
.......o....... ##'##
.........[..... #...##
..[............ #....#
............... #....#
............... #..<##
.....#######+## #####
.....


You could see an orc warrior.

Vanquished Creatures
  Duvessa (D:5)
  2 centaurs (D:5)
  An ogre (D:4)
  A crocodile (Sewer)
  Dowan (D:5)
  A scorpion (D:4)
  A bullfrog zombie (D:6)
  2 hounds (D:5)
  A centaur skeleton (D:4)
  An orc wizard (D:4)
  An iguana (D:5)
  5 worker ants
  A worker ant zombie (D:5)
  6 gnolls (D:3)
  8 adders
  A river rat (D:5)
  2 oozes
  An adder skeleton (D:5)
  3 worms
  A dart slug (D:5)
  13 orcs
  2 ball pythons
  8 giant cockroaches
  12 goblins
  6 hobgoblins
  9 jackals
  4 quokkas
  5 bats
  8 frilled lizards
  9 kobolds
  A quokka skeleton (D:5)
  17 rats
135 creatures vanquished.

Notes
Turn   | Place    | Note
-------+----------+-------------------------------------------
     0 | D:1      | whitewolfNL the Troll Berserker began the quest for the
                  | Orb.
     0 | D:1      | Reached XP level 1. HP: 22/22 MP: 0/0
   211 | D:1      | Reached XP level 2. HP: 29/29 MP: 1/1
   450 | D:1      | Reached ** piety under Trog
   677 | D:2      | Reached XP level 3. HP: 36/36 MP: 2/2
   846 | D:2      | Found a deep blue altar of Sif Muna.
   921 | D:2      | Reached skill level 1 in Throwing
  1182 | D:2      | Reached XP level 4. HP: 44/44 MP: 3/3
  1428 | D:2      | Reached skill level 4 in Unarmed Combat
  1449 | D:2      | Reached skill level 1 in Shields
  2035 | D:3      | Reached XP level 5. HP: 29/50 MP: 4/4
  2289 | D:4      | Reached skill level 1 in Stealth
  2372 | D:4      | Noticed an ogre
  2405 | D:4      | Reached XP level 6. HP: 43/59 MP: 5/5
  2415 | D:4      | Reached skill level 5 in Unarmed Combat
  2564 | D:4      | Reached *** piety under Trog
  3038 | D:4      | Found a basalt altar of Yredelemnul.
  3184 | D:5      | Entered Level 5 of the Dungeon
  3184 | D:5      | Found a bloodstained altar of Trog.
  3216 | D:5      | Reached XP level 7. HP: 66/66 MP: 6/6
  3269 | D:5      | Noticed Duvessa
  3269 | D:5      | Noticed Dowan
  3276 | D:5      | Killed Duvessa
  3281 | D:5      | Killed Dowan
  3370 | D:5      | Found a glowing drain.
  3453 | Sewer    | Entered a sewer
  3525 | Sewer    | Reached skill level 6 in Unarmed Combat
  3605 | D:5      | Reached **** piety under Trog
  3793 | D:5      | Reached XP level 8. HP: 54/74 MP: 7/7
  4455 | D:5      | Got a jewelled falchion
  4457 | D:5      | Identified the +5 falchion of the Open Hand {protect,
                  | *Drain rF+++ Int+3} (You found it on level 5 of the
                  | Dungeon)
  4540 | D:6      | Slain by an orc warrior

Skill      XL: |  1  2  3  4  5  6  7 |
---------------+----------------------+-----
Throwing       | 1 2 |  2.8
Unarmed Combat | 4 5 6 |  6.6
Shields        | 1 2 3 |  3.4
Stealth        | 1 |  1.9
Dodging        | 3 |  3.2
Fighting       | |  2.9

Action                   |  1- 3 |  4- 6 |  7- 9 || total
-------------------------+-------+-------+-------++-------
Melee: Unarmed           |    90 |   169 |    89 ||   348
       Falchion          |       |       |    15 ||    15
Invok: Berserk           |     1 |     5 |     5 ||    11
  Use: Potion            |       |     4 |       ||     4
       Scroll            |       |     3 |     3 ||     6
 Stab: Sleeping          |     1 |     3 |       ||     4
       Distracted        |       |     1 |       ||     1
  Eat: Chunk             |    12 |    29 |    13 ||    54
Armor: Animal skin       |    18 |    45 |    22 ||    85
Dodge: Dodged            |    16 |    22 |    23 ||    61
Block: Large shield      |    55 |   121 |    81 ||   257
       Rpst.: Falchion   |       |       |     2 ||     2
